 Dungeon Crawl Stone Soup version 0.21.1-1-g345015f (webtiles) character file.

4 shakethe the Shield-Bearer (level 1, 0/14 HPs)
             Began as a Gargoyle Fighter on Feb 22, 2018.
             Slain by a kobold
             ... wielding a +0 club
              (3 damage)
             ... on level 1 of the Dungeon.
             The game lasted 00:00:09 (76 turns).

shakethe the Shield-Bearer (Gargoyle Fighter)         Turns: 76, Time: 00:00:10

Health: 0/14       AC:  9    Str: 19    XL:     1   Next: 70%
Magic:  1/1        EV:  4    Int:  8    God:
Gold:   9          SH:  9    Dex:  9    Spells: 0/0 levels left

rFire    . . .     SeeInvis .   a - +0 flail
rCold    . . .     Gourm    .   c - +0 shield
rNeg     + . .     Faith    .   b - +0 scale mail
rPois    ∞         Spirit   .   (no helmet)
rElec    +         Reflect  .   (no cloak)
rCorr    .         Harm     .   (no gloves)
MR       .....                  (no boots)
Stlth    ..........             (no amulet)
HPRegen  0.04/turn              (no ring)
MPRegen  0.07/turn              (no ring)

@: constricted
A: negative energy resistance 1, electricity resistance, unbreathing,
petrification resistance, rot immunity, AC +2
a: no special abilities


You were on level 1 of the Dungeon.
You were not hungry.

You visited 1 branch of the dungeon, and saw 1 of its levels.

You collected 9 gold pieces.

Inventory:

Hand Weapons
 a - a +0 flail (weapon)
Armour
 b - a +0 scale mail (worn)
 c - a +0 shield (worn)
Potions
 d - a potion of might
 e - a potion of heal wounds {unknown}
Comestibles
 f - a ration


   Skills:
 + Level 3.3 Fighting
 + Level 2.1 Maces & Flails
 + Level 3.3 Armour
 + Level 3.4 Shields


You couldn't memorise any spells.
You didn't know any spells.

Dungeon Overview and Level Annotations

Branches:
Dungeon (1/15)

Altars:


Innate Abilities, Weirdness & Mutations

You are resistant to torment.
Your stone body is resilient. (AC +2)
You are immune to poison.
You resist negative energy. (rN+)
You are resistant to electric shocks. (rElec)
You can survive without breathing.
You are immune to petrification.
You are immune to rotting.


Message History

The giant cockroach bites you but does no damage.
You sock the giant cockroach!
You kill the giant cockroach!
The kobold barely misses you. You block the goblin's attack. x2
The kobold barely misses you.
The frilled lizard bites you but does no damage.
A hobgoblin comes into view.
You hit the frilled lizard. The goblin barely misses you.
The kobold hits you but does no damage.
The frilled lizard bites you but does no damage.
You thump the frilled lizard!
You kill the frilled lizard!
The goblin barely misses you. The kobold hits you but does no damage.
The goblin closely misses you.
A ball python and a hobgoblin come into view.
You barely miss the goblin.
The ball python hisses angrily.
The hobgoblin shouts!
You hear an angry hiss.
The kobold hits you but does no damage. The goblin hits you with a club.
The hobgoblin moves out of view.
You block the goblin's attack. You block the kobold's attack.
You hit the goblin. The goblin hits you but does no damage.
You block the goblin's attack. The kobold barely misses you.
The hobgoblin closely misses you.
A frilled lizard and a hobgoblin come into view.
Your shield and scale mail prevent you from hitting the goblin.
The hobgoblin shouts!
The goblin hits you but does no damage. You block the goblin's attack.
The kobold hits you but does no damage. The hobgoblin barely misses you.
The goblin barely misses you. The goblin closely misses you.
A bat comes into view.
You sock the goblin!
You kill the goblin!
You block the bat's attack. The kobold hits you but does no damage.
The hobgoblin hits you but does no damage.
The goblin hits you but does no damage. You block the ball python's attack.
The ball python grabs you. The ball python constricts you.
You take 1 damage, and have 11/14 hp.
You closely miss the hobgoblin. The bat barely misses you.
The bat hits you but does no damage. You block the hobgoblin's attack.
The kobold barely misses you.
The ball python bites you but does no damage.
The ball python constricts you. You block the goblin's attack.
The bat hits you but does no damage. You block the hobgoblin's attack.
The goblin hits you but does no damage. The ball python barely misses you.
The ball python constricts you. The kobold barely misses you.
A rat comes into view.
You barely miss the hobgoblin. The bat hits you but does no damage.
You block the bat's attack. The ball python barely misses you.
The ball python constricts you.
The hobgoblin hits you but does no damage.
The goblin hits you but does no damage. You block the kobold's attack.
A rat comes into view.
Your shield and scale mail prevent you from hitting the hobgoblin.
The bat hits you. The ball python barely misses you.
The ball python constricts you. The bat hits you but does no damage.
The hobgoblin hits you. The goblin hits you but does no damage.
The kobold hits you but does no damage. You block the ball python's attack.
The ball python constricts you.
You take 3 damage, and have 9/14 hp.
MASSIVE DAMAGE!!
You closely miss the hobgoblin. The bat hits you but does no damage.
The hobgoblin hits you but does no damage.
The goblin hits you with a dagger. You block the kobold's attack.
The ball python barely misses you. The ball python constricts you.
The hobgoblin hits you but does no damage.
The goblin barely misses you.
You take 2 damage, and have 7/14 hp.
You barely miss the hobgoblin. The bat hits you but does no damage.
The ball python barely misses you. The ball python constricts you.
You block the kobold's attack. The hobgoblin barely misses you.
You block the goblin's attack.
The ball python bites you but does no damage.
The ball python constricts you.
You sock the hobgoblin!
You kill the hobgoblin!
You block the bat's attack. The kobold completely misses you.
You block the ball python's attack. The ball python constricts you.
The goblin hits you but does no damage. The kobold hits you but does no damage.
You closely miss the hobgoblin.
The ball python bites you but does no damage.
The ball python constricts you. You block the goblin's attack.
The hobgoblin barely misses you.
The ball python bites you but does no damage.
The ball python constricts you. You block the kobold's attack.
The goblin hits you but does no damage.
You hit the hobgoblin.
The ball python bites you but does no damage.
The ball python constricts you.
The hobgoblin hits you but does no damage.
The kobold hits you with a club.
* * * LOW HITPOINT WARNING * * *
The goblin barely misses you. You block the ball python's attack.
The ball python constricts you.
You take 4 damage, and have 3/14 hp.
MASSIVE DAMAGE!!
You closely miss the hobgoblin.
The hobgoblin hits you but does no damage.
The kobold hits you with a club.
You die...

.# ..# # # ##
#.# .. ..##.
#.##. #.....
#...
#....r###.# .#
#.##.lS.g.#
#..
....rgK@gb#
#.#####
#########.#
#.....
#.#####.#.##
#♣#♣#
#..........##
##.♣.##
#####(......##
#P#<#P#
#........###
##P.P##
##..........
#P♣.♣P#
#..........
#♣...♣#
##.#.######


You could see 2 hobgoblins, a goblin, a bat, a ball python, a kobold, a frilled
lizard and 2 rats.

Vanquished Creatures
  A giant cockroach (D:1)
  A goblin (D:1)
  A hobgoblin (D:1)
  A frilled lizard (D:1)
4 creatures vanquished.

Notes
Turn   | Place    | Note
-------+----------+-------------------------------------------
     0 | D:1      | shakethe the Gargoyle Fighter began the quest for the Orb.
     0 | D:1      | Reached XP level 1. HP: 14/14 MP: 1/1
    75 | D:1      | HP: 3/14 [kobold/club (3)]
    76 | D:1      | Slain by a kobold

Action                   || total
-------------------------++-------
Melee: Flail             ||    24
Armor: Scale mail        ||    44
Dodge: Dodged            ||    30
Block: Shield            ||    25

Vault maps used:
D:1:      tarquinn_simple_flora_water_d, minmay_heptomino_w4

Table legend:
 A = Turns spent in this place as a percentage of turns spent in the entire game.
 B = Non-inter-level travel turns spent in this place as a percentage of non-inter-level travel turns spent in the entire game.
 C = Inter-level travel turns spent in this place as a percentage of turns spent in this place.
 D = Turns resting spent in this place as a percentage of non-inter-level travel turns spent in this place.
 E = Turns spent auto-exploring this place as a percentage of non-inter-level travel turns spent in this place.
 F = Non-inter-level travel turns spent in this place divided by the number of levels of this place that you've seen.
                   A       B       C       D       E      F
               +-------+-------+-------+-------+-------+----------------------
         Total | 100.0 | 100.0 |   0.0 |   0.0 |  64.5 |  76.0
       Dungeon | 100.0 | 100.0 |   0.0 |   0.0 |  64.5 |  76.0
               +-------+-------+-------+-------+-------+----------------------

Table legend:
 A = Kills in this place as a percentage of kills in entire the game.
 B = Kills by you in this place as a percentage of kills by you in the entire game.
 C = Kills by friends in this place as a percentage of kills by friends in the entire game.
 D = Other kills in this place as a percentage of other kills in the entire game.
 E = Experience gained in this place as a percentage of experience gained in the entire game.
 F = Experience gained in this place divided by the number of levels of this place that you have seen.
                   A       B       C       D       E      F
               +-------+-------+-------+-------+-------+----------------------
         Total | 100.0 | 100.0 |   N/A |   N/A | 100.0 |   7.0
       Dungeon | 100.0 | 100.0 |   N/A |   N/A | 100.0 |   7.0
               +-------+-------+-------+-------+-------+----------------------
